 Dungeon Crawl Stone Soup version 0.31-a0-188-g5e087ee2ca (webtiles) character file.

Game seed: 5638502814613302067

55 qw the Shooter (level 3, 0/20 HPs)
             Began as a Deep Elf Hunter on June 23, 2023.
             Slain by a water moccasin (5 damage)
             ... on level 4 of the Dungeon.
             The game lasted 00:00:26 (863 turns).

qw the Shooter (Deep Elf Hunter)                     Turns: 863, Time: 00:00:27

Health: 0/20       AC:  5    Str: 10    XL:     3   Next: 67%
Magic:  5/5        EV: 11    Int: 13    God:
Gold:   770        SH:  0    Dex: 18    Spells: 2/2 levels left

rFire   . . .        Y - +0 shortbow
rCold   . . .        (shield currently unavailable)
rNeg    . . .        h - +0 ring mail
rPois   .            (no helmet)
rElec   .            (no cloak)
rCorr   .            (no gloves)
SInv    .            (no boots)
Will    .....        (no amulet)
Stlth   +            (no ring)
HPRegen 0.23/turn    (no ring)
MPRegen 0.09/turn

%: no passive effects
@: no status effects
A: no striking features
a: no special abilities


You were on level 4 of the Dungeon.
You visited 1 branch of the dungeon, and saw 3 of its levels.

You collected 770 gold pieces.


   Skills:
 - Level 1.5 Fighting
 + Level 7.2 Ranged Weapons
 - Level 2.4 Dodging
 - Level 1.2 Stealth


You had 2 spell levels left.
You didn't know any spells.
Your spell library was empty.

Inventory:

Hand Weapons
 Y - a +0 shortbow (weapon)
Armour
 b - a +0 helmet
 h - a +0 ring mail (worn)
Scrolls
 a - a scroll of identify
Potions
 j - a potion of might {unknown}

Dungeon Overview and Level Annotations

Branches:
Dungeon (4/15)
 Temple: D:4-7

Altars:


Message History

You kill the goblin!
Found a spear.
Found a stone staircase leading down.
b - a +0 helmet
Enter note:
Enter note: A sourceless malevolence fills the Dungeon...
You fall into a shaft and drop 2 floors!
The shaft crumbles and collapses.
You hear the hiss of flowing sand.
There is an entrance to an ossuary on this level.
Hurry and find it before the portal is buried!
You open the door.
A ball python, a goblin and a hound come into view.
The goblin shouts!
The ball python hisses angrily.
You hear an angry hiss.
The goblin moves out of view.
Found a stone staircase leading up.
Waypoint 2 assigned to D:4.
858 ||| PLANNING OSSUARY You shoot an arrow.
The arrow barely misses the ball python.
A water moccasin comes into view.
You shoot an arrow.
The arrow barely misses the water moccasin.
The water moccasin bites you.
You shoot an arrow.
The arrow closely misses the water moccasin.
The arrow hits the ball python!
You kill the ball python!
The water moccasin misses you.
An orc comes into view. It is wielding a +2 hand axe of venom.
You shoot an arrow. The arrow hits the water moccasin.
The water moccasin is moderately wounded.
The water moccasin bites you.
The water moccasin bites you but does no damage.
You shoot an arrow. The arrow hits the water moccasin!
The water moccasin is heavily wounded.
The water moccasin bites you! The water moccasin bites you.
You shoot an arrow.
The arrow closely misses the water moccasin.
The water moccasin bites you.
You die...

## ## ~~. ~
#...#~
.....%###
..<.ohS.##
#@.########
#..........
###########


You could see a water moccasin, a hound and an orc.

Vanquished Creatures
  A gnoll (D:1)
  A dart slug (D:1)
  6 endoplasms
  A giant cockroach (D:1)
  8 goblins
  4 hobgoblins (D:1)
  2 jackals (D:2)
  2 quokkas
  5 ball pythons
  4 bats (D:1)
  A kobold (D:1)
  2 rats
37 creatures vanquished.

Notes
Turn   | Place    | Note
-------+----------+-------------------------------------------
     0 | D:1      | qw the Deep Elf Hunter began the quest for the Orb.
     0 | D:1      | Reached XP level 1. HP: 12/12 MP: 3/3
     0 | D:1      | 0 ||| qw: Version: 0.3-a-9-g12657ce
     0 | D:1      | 0 ||| qw: Game counter: 3817
     0 | D:1      | 0 ||| qw: Always use a shield: true
     0 | D:1      | 0 ||| qw: God list: Okawaru
     0 | D:1      | 0 ||| qw: Allow faded altars: false
     0 | D:1      | 0 ||| qw: Do Orc after D:15 true
     0 | D:1      | 0 ||| qw: Do second Lair branch before Depths: true
     0 | D:1      | 0 ||| qw: Lair rune preference: random
     0 | D:1      | 0 ||| qw: Plans: Normal
     0 | D:1      | 0 ||| PLANNING D:1-11
   190 | D:1      | Reached XP level 2. HP: 16/16 MP: 4/4
   197 | D:1      | Reached skill level 6 in Ranged Weapons
   357 | D:1      | Reached XP level 3. HP: 20/20 MP: 5/5
   562 | D:1      | Reached skill level 7 in Ranged Weapons
   692 | D:1      | 692 ||| UPGRADING to +0 ring mail.
   702 | D:1      | 702 ||| DROPPING +0 leather armour.
   703 | D:1      | 703 ||| READING 3 scrolls labelled MYDWIBBE AGHAO.
   704 | D:1      | 704 ||| READING scroll labelled YRYEHE RASMYP.
   705 | D:1      | 705 ||| READING scroll labelled PAEROA ETEO.
   705 | D:1      | Identified a scroll of acquirement
   705 | D:1      | 705 ||| ACQUIRING 665 gold pieces
   705 | D:1      | Acquired 665 gold pieces
   707 | D:1      | 707 ||| READING 3 scrolls labelled NUICOA RUESIY.
   708 | D:1      | 708 ||| READING scroll labelled LIMEF TENUIPS.
   713 | D:1      | 713 ||| READING 2 scrolls of identify.
   713 | D:1      | 713 ||| IDENTIFYING sedimented puce potion
   714 | D:1      | 714 ||| DROPPING scroll of butterflies.
   715 | D:1      | 715 ||| DROPPING potion of ambrosia.
   716 | D:1      | 716 ||| DROPPING 2 scrolls of poison.
   854 | D:2      | You fall into a shaft and drop 2 floors!
   858 | D:4      | 858 ||| PLANNING OSSUARY
   858 | D:4      | Noticed a water moccasin
   862 | D:4      | HP: 5/20 [water moccasin (3)]
   863 | D:4      | Slain by a water moccasin

Levels and vault maps discovered:
D:1:      sevenhm_arrival_forest_fort_small_6, layout_loops_cross,
          wad_floor_pattern_untrapped, st_stairs_13
D:2:      minmay_chambers_of_twos, layout_rooms
D:4:      layout_basic, mainiacjoe_overflow_chevrons, zin_academy,
          nicolae_overflow_hidden_temple, enter_ossuary_1,
          ebering_ghost_reflecting_pool, st_stairs_9, corexii_hall_statues_i,
          kennysheep_small_square, uniq_pikel, uniq_grinder, uniq_menkaure

Skill      XL: |  1  2  3 |
---------------+----------+-----
Ranged Weapons | 6 7 |  7.2
Fighting       | |  1.5
Dodging        | |  2.4
Stealth        | |  1.2

Action                     || total
---------------------------++-------
   Fire: Shortbow          ||   102
    Use: Scroll            ||     6
 Armour: Ring mail         ||     5
  Dodge: Dodged            ||    15

Table legend:
 A = Non-vault XP
 B = Vault XP
 C = Vault XP percentage of total XP
 D = Non-vault monster count
 E = Vault monster count
 F = Vault count percentage of total count
                 A         B        C        D         E       F
            +---------+---------+-------+---------+---------+-------
      Total |      76 |       3 |   3.8 |      35 |       2 |   5.4
            +---------+---------+-------+---------+---------+-------
        D:1 |      61 |       2 |   3.2 |      27 |       1 |   3.6
        D:2 |      15 |       0 |   0.0 |       8 |       0 |   0.0
        D:4 |       0 |       1 | 100.0 |       0 |       1 | 100.0
            +---------+---------+-------+---------+---------+-------
